 Dungeon Crawl Stone Soup version 0.31.0-11-ge490571c62 (webtiles) character file.

Game seed: 14314773041654745420

5352 browni3141 the Cleaver (level 10, -10/93 HPs)
             Began as a Minotaur Fighter on Jan 28, 2024.
             Was a Follower of Okawaru.
             Mangled by an orc knight
             ... wielding a +0 trident
              (11 damage)
             ... in a bailey.
             The game lasted 00:07:14 (7712 turns).

browni3141 the Cleaver (Minotaur Fighter)           Turns: 7712, Time: 00:07:15

Health: -10/93     AC:  8    Str: 26    XL:     10   Next: 38%
Magic:  9/9        EV:  9    Int: 11    God:    Okawaru [*.....]
Gold:   815        SH: 16    Dex:  9    Spells: 9/9 levels left

rFire   . . .        a - +0 war axe
rCold   . . .        r - +1 kite shield
rNeg    . . .        b - +0 scale mail
rPois   .            (helmet restricted)
rElec   .            (no cloak)
rCorr   .            (no gloves)
SInv    .            (no boots)
Will    +....        q - amulet of reflection Stlth
                     n - +6 ring of intelligence
HPRegen 0.35/turn    B - ring of willpower
MPRegen 0.11/turn

%: reflection
@: mighty
A: horns 2, retaliatory headbutt
a: Renounce Religion, Heroism


You were in a bailey.
You worshipped Okawaru.
Okawaru was aware of your devotion.
You visited 2 branches of the dungeon, and saw 10 of its levels.
You also visited: Ossuary and Bailey.

You collected 815 gold pieces.

Inventory:

Hand Weapons
 a - a +0 war axe (weapon)
Armour
 b - a +0 scale mail (worn)
 c - a +0 buckler
 r - a +1 kite shield (worn)
Jewellery
 n - a +6 ring of intelligence (left hand)
 q - an amulet of reflection (around neck)
 B - a ring of willpower (right hand)
Wands
 y - a wand of mindburst (4)
 C - a wand of digging (8)
Scrolls
 g - a scroll of poison
 i - a scroll of fear
 j - a scroll of torment
 k - a scroll of enchant weapon
 m - 2 scrolls of enchant armour
 o - 3 scrolls of revelation
 p - a scroll of immolation
 u - a scroll of fog
 w - a scroll of amnesia
Potions
 d - a potion of might
 e - a potion of attraction
 f - a potion of lignification
 h - a potion of curing
 l - a potion of brilliance
 s - 2 potions of resistance {unknown}
 x - a potion of mutation {unknown}
 z - a potion of invisibility {unknown}
 A - a potion of heal wounds {unknown}


   Skills:
 + Level 9.9 Fighting
 * Level 13.0 Axes
 + Level 9.9 Armour
 + Level 9.9 Shields
 * Level 0.9 Invocations


You had 9 spell levels left.
You didn't know any spells.
Your spell library contained the following spells:

 Spells                   Type           Power      Damage    Failure   Level
 Freeze                   Ice            0%         1d3       75%         1
 Ensorcelled Hibernation  Hex/Ice        0%         N/A       87%         2
 Mercury Vapours          Alch/Air       0%         N/A       87%         2
 Sublimation of Blood     Necr           0%         N/A       87%         2
 Frozen Ramparts          Ice            0%         1d1       98%         3
 Hailstorm                Conj/Ice       0%         3d5       98%         3
 Mephitic Cloud           Conj/Alch/Air  0%         N/A       98%         3
 Passwall                 Erth           0%         N/A       98%         3
 Swiftness                Air            0%         N/A       98%         3
 Leda's Liquefaction      Alch/Erth      0%         N/A       100%        4
 Petrify                  Alch/Erth      0%         N/A       100%        4
 Freezing Cloud           Conj/Ice/Air   0%         6-21      100%        5
 Irradiate                Conj/Alch      0%         3d11      100%        5
 Metabolic Englaciation   Hex/Ice        0%         N/A       100%        5


Dungeon Overview and Level Annotations

Branches:
Dungeon (9/15)             Temple (1/1) D:7         Ossuary (visited)
 Bailey (1/1)
   Lair: D:8-11         Orc: D:9-12

Altars:
Ashenzari
Cheibriados
Dithmenos
Elyvilon
Fedhas
Gozag
Hepliaklqana
Kikubaaqudgha
Makhleb
Nemelex Xobeh
Okawaru
Ru
Sif Muna
Trog
Uskayaw
Vehumet
Wu Jian
Xom
Yredelemnul
Zin
The Shining One

Shops:
D:4 =

Annotations:
D:4 3 runed translucent doors, Minsecho's ghost, amateur SpWr
D:6 1 runed translucent door


Innate Abilities, Weirdness & Mutations

You have a pair of horns on your head.
You reflexively headbutt those who attack you in melee.


Message History

The orc warrior hits you from afar with a +0 halberd.
The orc warrior hits you from afar with a +0 bardiche!
You block the orc warrior's attack.
The orc warrior hits you from afar with a +0 halberd.
The orc warrior attacks as it pursues you!
You block the orc warrior's attack. The orc attacks as it pursues you!
You block the orc's attack.
You feel better. The orc warrior closely misses you.
As you read the scroll of fear, it crumbles to dust.
You assume a fearsome visage.
The orc warrior looks frightened! x2
The orc looks frightened!
The orc warrior attacks as it pursues you!
You block the orc warrior's attack. You block the orc warrior's attack.
You closely miss the orc warrior.
You headbutt the orc warrior, but do no damage.
The orc warrior is lightly wounded.
The orc warrior hits you with a +0 bardiche!!
You are too injured to fight recklessly!
You are too injured to fight recklessly!
You closely miss the orc warrior. Your headbutt misses the orc warrior.
The orc warrior is lightly wounded.
You barely miss the orc warrior.
The orc warrior is lightly wounded.
You block the orc warrior's attack.
You hit the orc warrior but do no damage.
The orc warrior is lightly wounded.
You block the orc warrior's attack.
Cornered, the orc warrior turns to fight!
You hit the orc warrior. Your headbutt misses the orc warrior.
The orc warrior is lightly wounded.
You feel better. You block the orc's attack.
The orc warrior hits you with a +0 bardiche!
You feel better. The orc closely misses you.
The orc warrior hits you but does no damage.
You feel better. You block the orc's attack.
The orc warrior hits you with a +0 bardiche.
You feel very mighty all of a sudden. The orc barely misses you.
You block the orc warrior's attack.
You slash the orc warrior!
The orc warrior is severely wounded.
You block the orc's attack. The orc warrior closely misses you.
You furiously retaliate!
You headbutt the orc warrior!!
You kill the orc warrior!
Okawaru accepts your kill.
You can now gain great but temporary skills.
Your Axes skill increases to level 13!
You slash the orc warrior!
You kill the orc warrior!
Okawaru accepts your kill. The orc hits you but does no damage.
Things that are here:
a +0 halberd; a +0 chain mail; an orc corpse You block the orc's attack.
You slash the orc!
You kill the orc!
Okawaru accepts your kill.
You start resting.
An orc knight comes into view. It is wielding a +0 trident.
An orc knight is nearby!
You see here a +0 trident.
You block the orc warrior's attack.
The orc knight shouts!
You hit the orc warrior but do no damage.
You block the orc warrior's attack.
You closely miss the orc warrior. The orc warrior closely misses you.
You furiously retaliate!
You headbutt the orc warrior! You closely miss the orc warrior.
The orc warrior is heavily wounded.
The orc warrior barely misses you.
You closely miss the orc warrior. You headbutt the orc warrior!
The orc warrior is almost dead.
You block the orc warrior's attack.
You closely miss the orc warrior. You headbutt the orc warrior.
You kill the orc warrior!
Okawaru accepts your kill. The orc knight barely misses you.
The orc knight barely misses you. You furiously retaliate!
You headbutt the orc knight! You slash the orc knight!
The orc knight is moderately wounded.
You block the orc knight's attack.
You hit the orc knight.
The orc knight is moderately wounded.
You hit the orc knight. You headbutt the orc knight!
The orc knight is heavily wounded.
You block the orc knight's attack.
You hit the orc knight but do no damage.
Your headbutt misses the orc knight.
The orc knight is heavily wounded.
The orc knight hits you with a +0 trident!!
You hit the orc knight.
You headbutt the orc knight, but do no damage.
The orc knight is heavily wounded.
The orc knight hits you with a +0 trident.
You slice the orc knight!!
You headbutt the orc knight, but do no damage.
The orc knight is almost dead.
The orc knight hits you with a +0 trident!
You die...

############ ######
##.∩.o..))).## ##..o..
#......#)....######......
#.....###)..)#....#..##.)
#∩.....8))...)...)().8...
#....)###....#....#))##..
#....).#@....######...o..
##.∩...o....## ##.....
############ ######


You could see an orc knight.

Vanquished Creatures
  Jeremiah (D:7)
  3 yaks (D:9)
  2 vampire mosquitoes (D:6)
  Menkaure (D:7)
  2 water moccasins
  5 orc warriors
  2 black bears (D:6)
  2 sky beasts
  2 phantoms
  A kobold brigand (D:8)
  2 bullfrogs
  A gnoll sergeant (D:8)
  9 scorpions
  4 wights (D:7)
  2 burial acolytes (Ossuary)
  3 electric eels (D:4)
  3 human zombies (Ossuary)
  2 bombardier beetles (D:4)
  A gnoll bouda (D:7)
  7 hounds
  6 orc priests
  6 jellies
  A sleepcap (D:3)
  3 iguanas
  7 orc wizards
  A hell rat (D:8)
  2 mummies (Ossuary)
  8 gnolls
  10 adders
  4 shadow imps (D:7)
  A white imp (D:5)
  2 ufetubi (D:6)
  A dart slug (D:2)
  5 ribbon worms
  36 orcs
  2 bats (D:1)
  An endoplasm (D:4)
  5 giant cockroaches
  A gnoll zombie (Ossuary)
  6 goblins
  2 hobgoblins (D:2)
  2 jackals (D:2)
  9 kobolds
  2 quokkas
  4 ball pythons
  3 frilled lizards
  An orc zombie (Ossuary)
  6 rats
  A butterfly (D:6)
193 creatures vanquished.

Vanquished Creatures (others)
  A kobold (D:8)
1 creature vanquished.

Grand Total: 194 creatures vanquished

Notes
Turn   | Place    | Note
-------+----------+-------------------------------------------
     0 | D:1      | browni3141 the Minotaur Fighter began the quest for the
                  | Orb.
     0 | D:1      | Reached XP level 1. HP: 19/19 MP: 0/0
   557 | D:1      | Reached XP level 2. HP: 27/27 MP: 1/1
   898 | D:2      | Reached skill level 3 in Axes
  1065 | D:2      | HP: 1/27 [poisoned by an adder]
  1066 | D:2      | Reached XP level 3. HP: 2/33 MP: 2/2
  1657 | D:3      | Reached XP level 4. HP: 9/40 MP: 3/3
  1790 | D:3      | Reached skill level 4 in Axes
  2108 | D:4      | Reached XP level 5. HP: 41/47 MP: 4/4
  2225 | D:4      | Reached skill level 5 in Axes
  2244 | D:4      | Reached XP level 6. HP: 13/55 MP: 5/5
  2402 | D:4      | Found Iprouwis's Jewellery Emporium.
  2404 | D:4      | Reached skill level 5 in Fighting
  2404 | D:4      | Reached skill level 5 in Armour
  2404 | D:4      | Reached skill level 5 in Shields
  2455 | D:4      | Found a transporter.
  2615 | D:4      | Found a transporter.
  2854 | D:4      | Found a runed translucent gate.
  2854 | D:4      | Found a runed translucent gate.
  2854 | D:4      | Found a runed translucent gate.
  2855 | D:4      | Noticed Minsecho's ghost (amateur SpWr)
  3242 | D:4      | Reached skill level 6 in Axes
  3423 | D:5      | Entered Level 5 of the Dungeon
  3449 | D:5      | Reached skill level 11 in Axes
  3449 | D:5      | Reached XP level 7. HP: 69/69 MP: 6/6
  3485 | D:5      | Found a bloodstained altar of Trog.
  3501 | D:5      | Found a sand-covered staircase.
  3506 | Ossuary  | Entered an ossuary
  3506 | Ossuary  | Found a huge runed translucent gate.
  3506 | Ossuary  | Found a huge runed translucent gate.
  3506 | Ossuary  | Found a huge runed translucent gate.
  3506 | Ossuary  | Found a huge runed translucent gate.
  3506 | Ossuary  | Found a huge runed translucent gate.
  3506 | Ossuary  | Found a huge runed translucent gate.
  3506 | Ossuary  | Found a huge runed translucent gate.
  3506 | Ossuary  | Found a huge runed translucent gate.
  3506 | Ossuary  | Found a huge runed translucent gate.
  3507 | Ossuary  | Found a huge runed translucent gate.
  3507 | Ossuary  | Found a huge runed translucent gate.
  3508 | Ossuary  | Found a huge runed translucent gate.
  3508 | Ossuary  | Found a huge runed translucent gate.
  3510 | Ossuary  | Found a huge runed translucent gate.
  3510 | Ossuary  | Found a huge runed translucent gate.
  3513 | Ossuary  | Found a huge runed translucent gate.
  3513 | Ossuary  | Found a huge runed translucent gate.
  3513 | Ossuary  | Found a huge runed translucent gate.
  3513 | Ossuary  | Found a huge runed translucent gate.
  3513 | Ossuary  | Found a huge runed translucent gate.
  3519 | Ossuary  | Reached XP level 8. HP: 75/75 MP: 7/7
  3520 | Ossuary  | Found a huge runed translucent gate.
  3520 | Ossuary  | Found a huge runed translucent gate.
  3629 | Ossuary  | Found a huge runed translucent gate.
  3629 | Ossuary  | Found a huge runed translucent gate.
  3630 | Ossuary  | Found a huge runed translucent gate.
  3630 | Ossuary  | Found a huge runed translucent gate.
  3631 | Ossuary  | Found a huge runed translucent gate.
  3631 | Ossuary  | Found a huge runed translucent gate.
  3633 | Ossuary  | Found a huge runed translucent gate.
  3633 | Ossuary  | Found a huge runed translucent gate.
  3649 | Ossuary  | Found a huge runed translucent gate.
  3649 | Ossuary  | Found a huge runed translucent gate.
  3649 | Ossuary  | Found a huge runed translucent gate.
  3649 | Ossuary  | Found a huge runed translucent gate.
  3651 | Ossuary  | Found a huge runed translucent gate.
  4516 | D:6      | Found a runed translucent door.
  4521 | D:6      | Found a runed translucent door.
  4541 | D:6      | Reached XP level 9. HP: 27/82 MP: 8/8
  4963 | D:6      | Found a glowing silver altar of Zin.
  4969 | D:6      | Found an ornate altar of the Wu Jian Council.
  5065 | D:6      | Reached skill level 12 in Axes
  5181 | D:6      | Found an opulent altar of Gozag.
  5329 | D:6      | Found a hazy altar of Hepliaklqana.
  5512 | D:7      | Found a transporter.
  5517 | D:7      | Identified the +2 robe of Tender Moments {rF++}
  5517 | D:7      | Noticed a kobold demonologist
  5671 | D:7      | Noticed Jeremiah
  5687 | D:7      | Killed Jeremiah
  6034 | D:7      | Found a transporter.
  6038 | D:7      | Noticed a kobold demonologist
  6192 | D:7      | Found a shadowy altar of Dithmenos.
  6310 | D:7      | Noticed Menkaure
  6314 | D:7      | Killed Menkaure
  6315 | D:7      | Reached XP level 10. HP: 88/91 MP: 9/9
  6375 | D:7      | Found a staircase to the Ecumenical Temple.
  6485 | Temple   | Entered the Ecumenical Temple
  6505 | Temple   | Became a worshipper of Warmaster Okawaru
  6612 | D:7      | Noticed a soul eater
  6837 | D:7      | Noticed an orange demon
  7109 | D:8      | Noticed a death yak
  7111 | D:8      | Noticed a death yak
  7112 | D:8      | Noticed a deep elf pyromancer
  7116 | D:8      | Noticed a death yak
  7422 | D:9      | Found a flagged portal.
  7434 | D:9      | Identified the +10 spear of Hell's Wrath {heavy, ^Fragile
                  | rPois rF+ rN+++}
  7516 | Bailey   | Entered a bailey
  7662 | Bailey   | HP: 3/93 [orc warrior/+0 bardiche (20)]
  7667 | Bailey   | HP: 1/93 [orc warrior/+0 bardiche (12)]
  7671 | Bailey   | Reached * piety under Okawaru
  7672 | Bailey   | Reached skill level 13 in Axes
  7697 | Bailey   | Noticed an orc knight
  7710 | Bailey   | HP: 4/93 [orc knight/+0 trident (20)]
  7711 | Bailey   | HP: 1/93 [orc knight/+0 trident (4)]
  7712 | Bailey   | Mangled by an orc knight

Illustrated notes

Levels and vault maps discovered:
D:1:      dpeg_arrival_tiny_d, layout_loops_corners
D:2:      layout_loops_cross, minmay_crystal_water, serial_park_tiny_pond,
          grunt_decor_one_mirror
D:3:      layout_basic
D:4:      gammafunk_steamed_eel, layout_loops_ring,
          gammafunk_ghost_nasty_kobolds, serial_shops, kennysheep_mini,
          minivault_19, nicolae_concentric_dashed_squares_wild, hex_medium,
          st_stairs_1, kennysheep_generic_room_12
D:5:      cheibrodos_quashed, layout_rooms, lemuel_crystal_altar,
          enter_ossuary_5, kennysheep_nub
D:6:      lemuel_insect_pit, layout_basic, mainiacjoe_overflow_big_doors,
          mainiacjoe_overflow_large_starburst, hangedman_abyss_or_decor_passed
D:7:      gammafunk_wand_slinger, layout_gridville, amcnicky_altar_gilded,
          minmay_temple_entry_antechambers, corexii_hall_statues_deadend,
          uniq_jeremiah, uniq_menkaure
D:8:      layout_loops_ring, dpeg_lair_monsters, feat_on_display
D:9:      lemuel_troll_bridge, layout_gridville, grunt_qazlal_sundering,
          enter_bailey_2, grunt_decor_junction
Temple:   hellmonk_temple_of_storms
Bailey:   bailey_polearm_5, bailey

Skill      XL: |  1  2  3  4  5  6  7  8  9 10 |
---------------+-------------------------------+-----
Axes           | 3 4 5 11 12 13 | 13.0
Fighting       | 4 8 9 |  9.9
Armour         | 4 8 9 |  9.9
Shields        | 4 8 9 |  9.9
Invocations    | |  0.9

Action                     |  1- 3 |  4- 6 |  7- 9 | 10-12 || total
---------------------------+-------+-------+-------+-------++-------
  Melee: War axe           |    78 |   110 |   202 |   152 ||   542
         Headbutt          |     6 |     8 |    37 |    24 ||    75
  Throw: Javelin           |       |       |     2 |     2 ||     4
  Evoke: Wand              |       |     1 |     8 |    46 ||    55
    Use: Potion            |     1 |     1 |       |     5 ||     7
         Scroll            |       |     6 |     5 |     6 ||    17
 Armour: Scale mail        |    51 |    91 |   121 |    88 ||   351
  Dodge: Dodged            |    51 |    35 |    50 |    44 ||   180
  Block: Buckler           |    20 |    23 |       |       ||    43
         Kite shield       |       |     1 |   107 |   191 ||   299
         Reflection        |       |       |       |     1 ||     1
